[ PARTIDA AOE2 · #475070591 ]
UnrankedVietnamitas vs Persians
Equipo del jugador · DERR
Equipo rival · VICT
[ ANÁLISIS DE REPETICIÓN · EXTRAÍDO DE LA PARTIDA GRABADA ]
Feudal
8:57
Castillos
19:49
Imperial
35:53
| APM promedio | 47.9 |
| APM pico | 91 |
| eAPM promedio | 25.9 |
| Aldeanos / militares | 174 / 97 |
Foco
⚔️ 36.5% · 🌾 63.5%
Cavalry Archer ×69 · Monk ×8 · Spearman ×6 · Trebuchet (Packed) ×6 · Rattan Archer ×4 · Scout Cavalry ×2
Feudal
8:26
Castillos
20:46
Imperial
36:36
| APM promedio | 49.7 |
| APM pico | 100 |
| eAPM promedio | 32.7 |
| Aldeanos / militares | 184 / 145 |
Foco
⚔️ 32.8% · 🌾 67.2%
Knight ×136 · Monk ×3 · Scout Cavalry ×3 · Spearman ×2 · Trebuchet (Packed) ×1
Mapa de la partida
Recursos iniciales + cada clic de construcción. Líneas = muros · curvas = relieve. ◆ oro · ⬟ piedra · ● bayas · ✦ reliquia · ◌ hueco del cierre
Tu base· ✓ Cerrada en 19:49 · 48t muro · sin puerta
Base de m4rco· Abierta — el rival se encerró
Terreno inicial suavizado · ◌ = hueco del cierre detectado · pasá el cursor para detalles
Inputs por minuto
— SY_Msfu - - m4rco
Build order — SY_Msfu
Primeras 150 de 477 acciones detectadas
| 0:01 | Crear | Villager (Male) |
| 0:01 | Crear | Villager (Male) |
| 0:02 | Construir | House |
| 0:03 | Construir | House |
| 0:06 | Construir | House |
| 0:22 | Crear | Villager (Male) |
| 0:29 | Crear | Villager (Male) |
| 1:32 | Crear | Villager (Male) |
| 1:32 | Crear | Villager (Male) |
| 1:51 | Construir | Lumber Camp |
| 2:05 | Construir | Lumber Camp |
| 2:06 | Crear | Villager (Male) |
| 2:15 | Crear | Villager (Male) |
| 3:00 | Crear | Villager (Male) |
| 3:14 | Crear | Villager (Male) |
| 3:47 | Construir | House |
| 3:50 | Crear | Villager (Male) |
| 4:15 | Crear | Villager (Male) |
| 4:15 | Crear | Villager (Male) |
| 4:49 | Crear | Villager (Male) |
| 5:27 | Construir | Mill |
| 5:32 | Crear | Villager (Male) |
| 5:34 | Crear | Villager (Male) |
| 6:08 | Investigar | Loom |
| 6:46 | Investigar | Feudal Age |
| 6:46 | Investigar | Feudal Age |
| 7:26 | Construir | Barracks |
| 7:29 | Construir | House |
| 8:10 | Crear | Villager (Male) |
| 8:52 | Crear | Villager (Male) |
| 8:57 | Edad | Edad Feudal |
| 8:59 | Construir | Stable |
| 9:00 | Crear | Spearman |
| 9:03 | Investigar | Double-Bit Axe |
| 9:15 | Construir | House |
| 9:17 | Construir | Palisade Wall |
| 9:23 | Crear | Villager (Male) |
| 9:41 | Construir | House |
| 9:42 | Construir | Palisade Wall |
| 9:44 | Crear | Scout Cavalry |
| 9:51 | Construir | Palisade Wall |
| 9:59 | Construir | Farm |
| 10:03 | Construir | Palisade Wall |
| 10:04 | Crear | Spearman |
| 10:10 | Crear | Villager (Male) |
| 10:15 | Crear | Villager (Male) |
| 10:20 | Construir | Farm |
| 10:26 | Crear | Villager (Male) |
| 10:30 | Construir | Palisade Wall |
| 10:36 | Construir | Farm |
| 10:36 | Construir | Farm |
| 10:37 | Construir | Farm |
| 10:37 | Construir | Farm |
| 11:00 | Crear | Scout Cavalry |
| 11:15 | Crear | Villager (Male) |
| 11:26 | Construir | Farm |
| 11:27 | Construir | Farm |
| 11:38 | Construir | House |
| 11:42 | Crear | Villager (Male) |
| 11:53 | Construir | Farm |
| 12:10 | Construir | Farm |
| 12:16 | Crear | Villager (Male) |
| 12:18 | Construir | Farm |
| 12:33 | Crear | Villager (Male) |
| 12:39 | Construir | Farm |
| 12:57 | Crear | Villager (Male) |
| 13:01 | Crear | Spearman |
| 13:03 | Crear | Villager (Male) |
| 13:12 | Crear | Villager (Male) |
| 13:26 | Crear | Villager (Male) |
| 13:38 | Construir | House |
| 13:47 | Crear | Villager (Male) |
| 14:22 | Construir | Farm |
| 14:22 | Construir | Farm |
| 14:23 | Construir | Farm |
| 14:23 | Construir | Farm |
| 14:44 | Construir | Mining Camp |
| 15:04 | Construir | Palisade Wall |
| 15:09 | Construir | Palisade Wall |
| 15:13 | Crear | Villager (Male) |
| 15:34 | Crear | Villager (Male) |
| 15:38 | Construir | Farm |
| 15:44 | Construir | Blacksmith |
| 15:51 | Construir | Farm |
| 15:58 | Crear | Villager (Male) |
| 16:18 | Construir | Farm |
| 16:30 | Crear | Villager (Male) |
| 16:48 | Construir | Lumber Camp |
| 17:09 | Investigar | Castle Age |
| 17:09 | Investigar | Castle Age |
| 17:34 | Construir | Lumber Camp |
| 17:53 | Investigar | Fletching |
| 17:53 | Investigar | Fletching |
| 18:25 | Construir | Archery Range |
| 18:38 | Construir | House |
| 18:44 | Investigar | Bloodlines |
| 19:03 | Construir | Archery Range |
| 19:36 | Investigar | Horse Collar |
| 19:37 | Investigar | Horse Collar |
| 19:37 | Crear | Villager (Male) |
| 19:49 | Edad | Edad de los Castillos |
| 19:50 | Crear | Cavalry Archer |
| 19:51 | Crear | Cavalry Archer |
| 19:52 | Investigar | Bow Saw |
| 19:53 | Investigar | Bow Saw |
| 19:59 | Construir | Town Center |
| 20:06 | Construir | Monastery |
| 20:18 | Construir | House |
| 20:19 | Construir | House |
| 20:25 | Construir | House |
| 20:30 | Crear | Villager (Male) |
| 20:31 | Crear | Cavalry Archer |
| 20:32 | Crear | Cavalry Archer |
| 20:34 | Crear | Villager (Male) |
| 20:49 | Investigar | Husbandry |
| 20:49 | Investigar | Husbandry |
| 20:53 | Crear | Monk |
| 20:53 | Crear | Monk |
| 21:05 | Construir | House |
| 21:09 | Crear | Cavalry Archer |
| 21:09 | Crear | Villager (Male) |
| 21:24 | Construir | Farm |
| 21:27 | Crear | Cavalry Archer |
| 21:28 | Crear | Villager (Male) |
| 21:40 | Construir | Town Center |
| 21:43 | Crear | Villager (Male) |
| 21:55 | Crear | Cavalry Archer |
| 21:56 | Crear | Villager (Male) |
| 22:04 | Construir | House |
| 22:12 | Crear | Villager (Male) |
| 22:14 | Crear | Cavalry Archer |
| 22:14 | Crear | Villager (Male) |
| 22:23 | Crear | Villager (Male) |
| 22:30 | Crear | Cavalry Archer |
| 22:43 | Crear | Villager (Male) |
| 22:46 | Construir | Farm |
| 22:48 | Construir | Farm |
| 22:57 | Crear | Villager (Male) |
| 23:04 | Crear | Monk |
| 23:14 | Crear | Villager (Male) |
| 23:15 | Construir | Farm |
| 23:16 | Construir | Farm |
| 23:16 | Construir | Farm |
| 23:18 | Construir | Farm |
| 23:20 | Crear | Villager (Male) |
| 23:22 | Crear | Monk |
| 23:31 | Crear | Villager (Male) |
| 23:48 | Crear | Villager (Male) |
| 23:51 | Crear | Cavalry Archer |
| 23:52 | Construir | Farm |
Build order — m4rco
Primeras 150 de 519 acciones detectadas
| 0:01 | Crear | Villager (Male) |
| 0:01 | Crear | Villager (Male) |
| 0:02 | Construir | House |
| 0:04 | Construir | House |
| 0:06 | Crear | Villager (Male) |
| 0:06 | Crear | Villager (Male) |
| 0:11 | Crear | Villager (Male) |
| 1:28 | Crear | Villager (Male) |
| 1:28 | Crear | Villager (Male) |
| 2:15 | Construir | Lumber Camp |
| 2:19 | Crear | Villager (Male) |
| 2:34 | Crear | Villager (Male) |
| 3:07 | Crear | Villager (Male) |
| 3:14 | Crear | Villager (Male) |
| 3:29 | Crear | Villager (Male) |
| 3:34 | Construir | Mill |
| 4:06 | Crear | Villager (Male) |
| 4:13 | Construir | House |
| 4:44 | Crear | Villager (Male) |
| 5:06 | Crear | Villager (Male) |
| 5:13 | Construir | Mill |
| 5:29 | Crear | Villager (Male) |
| 5:52 | Investigar | Loom |
| 6:23 | Investigar | Feudal Age |
| 6:29 | Construir | Lumber Camp |
| 7:13 | Crear | Villager (Male) |
| 7:21 | Construir | Palisade Wall |
| 7:22 | Construir | Palisade Wall |
| 7:42 | Crear | Villager (Male) |
| 8:04 | Construir | Barracks |
| 8:21 | Crear | Villager (Male) |
| 8:26 | Edad | Edad Feudal |
| 8:49 | Construir | Stable |
| 8:52 | Crear | Spearman |
| 8:56 | Construir | House |
| 9:09 | Construir | House |
| 9:16 | Crear | Villager (Male) |
| 9:29 | Construir | House |
| 9:30 | Construir | House |
| 9:32 | Crear | Scout Cavalry |
| 9:33 | Crear | Villager (Male) |
| 9:40 | Construir | House |
| 9:48 | Crear | Villager (Male) |
| 9:56 | Crear | Scout Cavalry |
| 10:03 | Construir | House |
| 10:07 | Construir | Palisade Wall |
| 10:14 | Crear | Scout Cavalry |
| 10:17 | Construir | Palisade Wall |
| 10:36 | Crear | Villager (Male) |
| 10:38 | Construir | Farm |
| 10:39 | Construir | Farm |
| 10:55 | Crear | Villager (Male) |
| 10:58 | Construir | Farm |
| 11:10 | Crear | Villager (Male) |
| 11:11 | Crear | Spearman |
| 11:25 | Construir | Palisade Wall |
| 11:27 | Crear | Villager (Male) |
| 11:29 | Construir | Farm |
| 11:40 | Construir | House |
| 11:42 | Crear | Villager (Male) |
| 11:49 | Construir | Palisade Wall |
| 12:01 | Construir | House |
| 12:11 | Crear | Villager (Male) |
| 12:30 | Crear | Villager (Male) |
| 12:32 | Construir | Farm |
| 12:33 | Construir | Farm |
| 12:46 | Construir | Palisade Gate |
| 12:51 | Construir | Palisade Wall |
| 12:58 | Crear | Villager (Male) |
| 13:00 | Construir | Farm |
| 13:12 | Crear | Villager (Male) |
| 13:13 | Crear | Villager (Male) |
| 13:14 | Construir | Farm |
| 13:21 | Crear | Villager (Male) |
| 13:23 | Construir | House |
| 13:26 | Construir | Farm |
| 13:27 | Construir | Farm |
| 13:38 | Construir | Palisade Wall |
| 13:50 | Construir | Palisade Gate |
| 13:57 | Crear | Villager (Male) |
| 14:02 | Crear | Villager (Male) |
| 14:03 | Construir | Mining Camp |
| 14:07 | Construir | Palisade Wall |
| 14:08 | Construir | Palisade Wall |
| 14:13 | Construir | Farm |
| 14:17 | Crear | Villager (Male) |
| 14:25 | Construir | Palisade Wall |
| 14:45 | Crear | Villager (Male) |
| 14:56 | Construir | Farm |
| 14:58 | Construir | Farm |
| 14:59 | Crear | Villager (Male) |
| 15:13 | Crear | Villager (Male) |
| 15:18 | Investigar | Double-Bit Axe |
| 15:26 | Construir | Farm |
| 15:31 | Construir | Blacksmith |
| 15:37 | Construir | Palisade Wall |
| 15:50 | Investigar | Wheelbarrow |
| 16:15 | Construir | Farm |
| 16:29 | Construir | Farm |
| 16:32 | Construir | Farm |
| 16:35 | Construir | Farm |
| 16:41 | Construir | Farm |
| 16:56 | Construir | Farm |
| 16:59 | Crear | Villager (Male) |
| 17:09 | Construir | Farm |
| 17:35 | Crear | Villager (Male) |
| 17:38 | Construir | Farm |
| 17:58 | Crear | Villager (Male) |
| 18:09 | Construir | Stable |
| 18:20 | Investigar | Castle Age |
| 18:31 | Investigar | Horse Collar |
| 18:51 | Investigar | Gold Mining |
| 19:10 | Investigar | Bloodlines |
| 19:22 | Investigar | Scale Barding Armor |
| 19:23 | Investigar | Scale Barding Armor |
| 19:51 | Crear | Villager (Male) |
| 19:53 | Construir | Stable |
| 20:24 | Construir | Palisade Wall |
| 20:37 | Construir | Palisade Wall |
| 20:42 | Crear | Villager (Male) |
| 20:46 | Edad | Edad de los Castillos |
| 20:47 | Investigar | Chain Barding Armor |
| 20:48 | Crear | Knight |
| 20:48 | Crear | Knight |
| 20:48 | Crear | Knight |
| 20:57 | Construir | Town Center |
| 21:01 | Construir | Palisade Wall |
| 21:08 | Crear | Knight |
| 21:10 | Crear | Knight |
| 21:15 | Investigar | Husbandry |
| 21:24 | Construir | Palisade Wall |
| 21:31 | Crear | Villager (Male) |
| 21:32 | Crear | Knight |
| 21:43 | Investigar | Town Watch |
| 21:45 | Crear | Knight |
| 21:52 | Crear | Villager (Male) |
| 21:52 | Crear | Villager (Male) |
| 21:58 | Construir | House |
| 21:59 | Construir | House |
| 22:11 | Crear | Knight |
| 22:11 | Crear | Knight |
| 22:20 | Crear | Villager (Male) |
| 22:21 | Construir | Farm |
| 22:22 | Construir | Farm |
| 22:34 | Crear | Villager (Male) |
| 22:40 | Crear | Villager (Male) |
| 22:54 | Crear | Knight |
| 22:54 | Crear | Villager (Male) |
| 22:58 | Crear | Knight |
| 23:01 | Crear | Villager (Male) |
Cronología de la partida
| 7:21 | m4rco · wall_segment Palisade Wall x1 |
| 7:22 | m4rco · wall_segment Palisade Wall x1 |
| 7:26 | SY_Msfu · first_building Barracks |
| 8:04 | m4rco · first_building Barracks |
| 8:26 | m4rco · age_up feudal |
| 8:49 | m4rco · first_building Stable |
| 8:57 | SY_Msfu · age_up feudal |
| 8:59 | SY_Msfu · first_building Stable |
| 9:17 | SY_Msfu · wall_segment Palisade Wall x7 |
| 9:42 | SY_Msfu · wall_segment Palisade Wall x4 |
| 9:51 | SY_Msfu · wall_segment Palisade Wall x5 |
| 10:03 | SY_Msfu · wall_segment Palisade Wall x13 |
| 10:07 | m4rco · wall_segment Palisade Wall x14 |
| 10:17 | m4rco · wall_segment Palisade Wall x6 |
| 10:30 | SY_Msfu · wall_segment Palisade Wall x11 |
| 11:25 | m4rco · wall_segment Palisade Wall x7 |
| 11:49 | m4rco · wall_segment Palisade Wall x12 |
| 12:51 | m4rco · wall_segment Palisade Wall x1 |
| 13:38 | m4rco · wall_segment Palisade Wall x1 |
| 14:07 | m4rco · wall_segment Palisade Wall x1 |
| 14:08 | m4rco · wall_segment Palisade Wall x1 |
| 14:25 | m4rco · wall_segment Palisade Wall x1 |
| 15:04 | SY_Msfu · wall_segment Palisade Wall x5 |
| 15:09 | SY_Msfu · wall_segment Palisade Wall x3 |
| 15:37 | m4rco · wall_segment Palisade Wall x1 |
| 18:25 | SY_Msfu · first_building Archery Range |
| 19:49 | SY_Msfu · age_up castle |
| 20:06 | SY_Msfu · first_building Monastery |
| 20:24 | m4rco · wall_segment Palisade Wall x1 |
| 20:37 | m4rco · wall_segment Palisade Wall x3 |
| 20:46 | m4rco · age_up castle |
| 21:01 | m4rco · wall_segment Palisade Wall x7 |
| 21:24 | m4rco · wall_segment Palisade Wall x2 |
| 26:52 | SY_Msfu · wall_segment Palisade Wall x1 |
| 27:06 | SY_Msfu · wall_segment Palisade Wall x1 |
| 28:14 | SY_Msfu · wall_segment Stone Wall x1 |
| 28:16 | SY_Msfu · wall_segment Stone Wall x1 |
| 28:56 | SY_Msfu · wall_segment Stone Wall x4 |
| 29:00 | SY_Msfu · wall_segment Stone Wall x2 |
| 29:18 | m4rco · first_building Monastery |
| 29:21 | SY_Msfu · wall_segment Stone Wall x2 |
| 29:49 | SY_Msfu · wall_segment Stone Wall x4 |
| 30:49 | m4rco · first_building Castle |
| 31:08 | SY_Msfu · wall_segment Stone Wall x1 |
| 33:00 | SY_Msfu · first_market_buy 100 stone |
| 33:05 | SY_Msfu · first_building Castle |
| 33:34 | SY_Msfu · wall_segment Stone Wall x1 |
| 33:48 | m4rco · first_market_sell 100 wood |
| 35:06 | SY_Msfu · wall_segment Stone Wall x1 |
| 35:53 | SY_Msfu · age_up imperial |
| 36:36 | m4rco · age_up imperial |
| 40:55 | SY_Msfu · wall_segment Stone Wall x9 |
| 42:48 | SY_Msfu · wall_segment Stone Wall x3 |
| 43:28 | SY_Msfu · wall_segment Stone Wall x1 |
| 43:29 | SY_Msfu · wall_segment Stone Wall x1 |
| 43:30 | SY_Msfu · wall_segment Stone Wall x5 |
| 43:32 | SY_Msfu · wall_segment Stone Wall x1 |
| 44:05 | SY_Msfu · resign |
[ ANÁLISIS IA · 1 CRÉDITO ]
¿Qué pasó realmente en esta partida?
Wolo.gg analiza cada decisión: build order, eco, micro, errores típicos por bracket. Análisis personalizado por WhatsApp o Discord en 30 segundos.
Guía civ
Vietnamitas
Perfil
Jugador #2074094